 Dungeon Crawl Stone Soup version 0.26-a0-215-g1b87330c0f (webtiles) character file.

Game seed: 8022940002652040360

181 BritishOli the Slasher (level 5, -2/41 HPs)
             Began as a Demonspawn Gladiator on July 6, 2020.
             Shot with an arrow by a centaur (14 damage)
             ... on level 5 of the Dungeon.
             The game lasted 00:03:31 (3509 turns).

BritishOli the Slasher (Demonspawn Gladiator)       Turns: 3509, Time: 00:03:31

Health: -2/41      AC:  6    Str: 15    XL:     5   Next: 34%
Magic:  5/5        EV: 13    Int:  9    God:
Gold:   84         SH:  0    Dex: 15    Spells: 4/4 levels left

rFire    . . .     SeeInvis .   a - +0 long sword
rCold    . . .     Faith    .   (no shield)
rNeg     . . .     Spirit   .   b - +0 leather armour
rPois    .         Reflect  .   c - +0 helmet
rElec    .         Harm     .   (no cloak)
rCorr    .                      (no gloves)
MR       .....                  (no boots)
Stlth    +.........             (no amulet)
HPRegen  0.13/turn              (no ring)
MPRegen  0.09/turn              (no ring)

@: lightly drained
A: talons 1, molten scales 1
a: no special abilities


You were on level 5 of the Dungeon.
You were not hungry.

You visited 1 branch of the dungeon, and saw 5 of its levels.

You collected 84 gold pieces.

Inventory:

Hand Weapons
 a - a +0 long sword (weapon)
Missiles
 d - 4 throwing nets (quivered)
Armour
 b - a +0 leather armour (worn)
 c - a +0 helmet (worn)
Scrolls
 g - 4 scrolls of enchant weapon {unknown}
 i - 4 scrolls of identify {unknown}
 j - a scroll of blinking {unknown}
 k - 2 scrolls of remove curse {unknown}
 l - 2 scrolls of enchant armour {unknown}
 m - a scroll of amnesia {unknown}
 n - 3 scrolls of teleportation {unknown}
 q - a scroll of magic mapping {unknown}
Potions
 e - a potion of heal wounds
 h - a potion of haste {unknown}
 o - 3 potions of curing {unknown}
 p - a potion of brilliance {unknown}
Comestibles
 f - 5 rations


   Skills:
 + Level 3.3(3.0) Fighting
 + Level 3.6(3.4) Long Blades
 - Level 2.0(1.8) Throwing
 + Level 1.7(1.5) Armour
 + Level 3.6(3.3) Dodging


You had 4 spell levels left.
You didn't know any spells.
Your spell library was empty.

Dungeon Overview and Level Annotations

Branches:
Dungeon (5/15)
 Temple: D:4-7

Altars:
Gozag
Kikubaaqudgha
Nemelex Xobeh
Okawaru
Yredelemnul

Annotations:
D:5 1 runed translucent door, Eustachio


Innate Abilities, Weirdness & Mutations

You have sharp toenails.
You are partially covered in molten scales. (AC +2)


Message History

The river rat bites you. The goblin skeleton hits you.
The river rat closely misses you.
Unknown command.
You hit the river rat. You claw the river rat.
You kill the river rat!
The river rat's corpse disappears in a puff of smoke!
The goblin skeleton closely misses you.
Unknown command.
You barely miss the crimson imp.
The centaur shouts!
The crimson imp barely misses you. The goblin skeleton misses you.
You riposte.
You slash the goblin skeleton!
You destroy the goblin skeleton!
The centaur wields a +0 shortbow.
The centaur shoots an arrow.
The arrow hits you!
* * * LOW HITPOINT WARNING * * *
The crimson imp misses you.
Eustachio mumbles some strange words.
The centaur shoots an arrow.
The arrow hits you!
You die...

...###########.###... ..8
#......> _ ###...<. ######
#..... #....#### ##.....
####.5.5..#### ##......
##...##..#....#####.......
#.####.....#.@5.##.......##....
#...........##@5.......#####...
#####.......##(#..........#####
#.......##†#...>..........
##.....###..........#..##.
#.......##..#.......##.#
#...........#.......# .<.
#.......Z#c###.....## ##.
##.........# #......
##....#...# .


You could see Eustachio, a centaur, an iron imp (summoned), a quasit (summoned),
a crimson imp (summoned, expiring) and a white imp (summoned).

Vanquished Creatures
  A bullfrog zombie (D:5)
  4 gnolls (D:4)
  4 adders
  2 worms (D:2)
  An adder skeleton (D:4)
  2 dart slugs (D:1)
  2 leopard geckos
  An orc (D:4)
  3 giant cockroaches
  5 hobgoblins
  A jackal (D:4)
  2 quokkas
  4 bats
  A frilled lizard (D:2)
  6 goblins
  A goblin skeleton (D:5)
  4 kobolds
  21 rats
65 creatures vanquished.

Notes
Turn   | Place    | Note
-------+----------+-------------------------------------------
     0 | D:1      | BritishOli the Demonspawn Gladiator began the quest for the
                  | Orb.
     0 | D:1      | Reached XP level 1. HP: 16/16 MP: 1/1
   403 | D:1      | Gained mutation: You are partially covered in molten
                  | scales. (AC +2) [demonic ancestry]
   403 | D:1      | Reached XP level 2. HP: 16/22 MP: 2/2
   904 | D:2      | Gained mutation: You have sharp toenails. [demonic
                  | ancestry]
   904 | D:2      | Reached XP level 3. HP: 22/28 MP: 3/3
  1357 | D:2      | Found a faded altar of an unknown god.
  1452 | D:2      | Reached XP level 4. HP: 34/34 MP: 4/4
  1843 | D:2      | Reached skill level 1 in Armour
  2143 | D:3      | Noticed a black bear
  2276 | D:4      | Found an opulent altar of Gozag.
  2356 | D:4      | Found an ancient bone altar of Kikubaaqudgha.
  3163 | D:4      | Found a sparkling altar of Nemelex Xobeh.
  3164 | D:4      | Found an opulent altar of Gozag.
  3383 | D:5      | Entered Level 5 of the Dungeon
  3402 | D:5      | Found an iron altar of Okawaru.
  3402 | D:5      | Found a basalt altar of Yredelemnul.
  3423 | D:5      | Reached XP level 5. HP: 41/41 MP: 5/5
  3459 | D:5      | Found a runed translucent door.
  3459 | D:5      | Noticed a human
  3463 | D:5      | Noticed Eustachio
  3505 | D:5      | Noticed a centaur
  3509 | D:5      | Shot with an arrow by a centaur

Illustrated notes

Levels and vault maps discovered:
D:1:      dpeg_arrival_water_temple_mockup, layout_basic
D:2:      layout_basic, first_ration, chequers_ecumenical_altar_simple,
          minmay_rat_hole
D:3:      layout_basic, fedhas_altar_2, lemuel_crystal_altar
D:4:      layout_layer_cave, grunt_temple_overflow_opulence,
          kiku_gazebo_pond_becter, nicolae_gozag_seed_capital
D:5:      layout_rooms, nicolae_overflow_hidden_temple,
          minmay_temple_entry_enclosed_plants, dk_yredelemnul_ordeal,
          uniq_eustachio

Skill      XL: |  1  2  3  4 |
---------------+-------------+-----
Throwing       | 2 |  2.0
Long Blades    | 3 |  3.6
Dodging        | 3 |  3.6
Armour         | 1 |  1.7
Fighting       | 3 |  3.3

Action                   |  1- 3 |  4- 6 || total
-------------------------+-------+-------++-------
Melee: Long sword        |    71 |    85 ||   156
       Kick              |    11 |    26 ||    37
 Stab: Sleeping          |     1 |       ||     1
  Eat: Ration            |     1 |     2 ||     3
Armor: Leather armour    |    23 |    42 ||    65
Dodge: Dodged            |    52 |    84 ||   136
       Rpst.: Long sword |    18 |    26 ||    44

Table legend:
 A = Non-vault XP
 B = Vault XP
 C = Vault XP percentage of total XP
 D = Non-vault monster count
 E = Vault monster count
 F = Vault count percentage of total count
                 A         B        C        D         E       F
            +---------+---------+-------+---------+---------+-------
      Total |     238 |      21 |   8.1 |      45 |      20 |  30.8
            +---------+---------+-------+---------+---------+-------
        D:1 |      31 |       0 |   0.0 |      16 |       0 |   0.0
        D:2 |      75 |      20 |  21.1 |      18 |      19 |  51.4
        D:4 |      69 |       0 |   0.0 |       8 |       0 |   0.0
        D:5 |      63 |       1 |   1.6 |       3 |       1 |  25.0
            +---------+---------+-------+---------+---------+-------
